Match 45322027
Unlisted

Match 45322027
End
Construct Infanterie Kompanie
Selects Mechanized Battlegroup
Grenadier Squad
Grenadier Squad
MG 42 Machine Gun Team
Construct Panzergrenadier Kompanie
Pak 40 Anti-tank Gun Team
251 Medium Carrier
251 Medium Carrier
Support Elements
Panzergrenadier Squad
Panzergrenadier Squad
StuG III G Assault Gun
StuG III G Assault Gun
Panzergrenadier Squad
Pioneer Squad
Pioneer Squad
Nebelwerfer 42 Rocket Launcher Team
Construct Panzer Kompanie
Nebelwerfer 42 Rocket Launcher Team
MG 42 Machine Gun Team
Panzer IV Medium Tank
MG 42 Machine Gun Team
Selects Raid Package
Selects StuG Assault Group
Selects UNKNOWN (2160084)
Selects Mobile Repair Stations
Selects Wespe Self-propelled Artillery
Selects Zeroing Artillery Barrage
Panther Heavy Tank
Jm200092
ST Hélios | No Game No Life
M_L
403671774
0
0

Comments sign in to comment!

No comments posted yet!